 Dungeon Crawl Stone Soup version 0.28-a0-861-ge64d6db94f (webtiles) character file.

Game seed: 808801391140202045

207 pokeman the Magician (level 5, -3/29 HPs)
             Began as a Deep Elf Hedge Wizard on Nov 15, 2021.
             Killed from afar by an orc wizard (7 damage)
             ... with a magic dart
             ... on level 3 of the Dungeon.
             The game lasted 00:06:20 (2730 turns).

pokeman the Magician (Deep Elf Hedge Wizard)        Turns: 2730, Time: 00:06:21

Health: -3/29      AC:  2    Str:  7    XL:     5   Next: 54%
Magic:  1/15       EV: 13    Int: 20    God:
Gold:   92         SH:  0    Dex: 14    Spells: 5/16 levels left

rFire   + . .      SeeInvis .   e - +2 dagger (venom)
rCold   . . .      Faith    .   (no shield)
rNeg    . . .      Spirit   .   b - +0 robe
rPois   .          Reflect  .   c - +0 hat
rElec   .          Harm     .   (no cloak)
rCorr   +          Rampage  .   (no gloves)
Will    .....                   (no boots)
Stlth   ++........              (no amulet)
HPRegen 0.09/turn               d - ring of resist corrosion
MPRegen 0.14/turn               j - ring of protection from fire

@: brilliant, very slightly contaminated
A: no striking features
a: no special abilities


You were on level 3 of the Dungeon.
You visited 1 branch of the dungeon, and saw 3 of its levels.

You collected 92 gold pieces.

Inventory:

Hand Weapons
 e - a +2 dagger of venom (weapon)
 f - a +0 shortbow
Missiles
 o - 14 arrows
Armour
 b - a +0 robe (worn)
 c - a +0 hat (worn)
Jewellery
 d - a ring of resist corrosion (left hand)
 j - a ring of protection from fire (right hand)
Wands
 n - a wand of mindburst (10)
Scrolls
 a - a scroll of acquirement {unknown}
 h - a scroll of amnesia {unknown}
 m - a scroll of vulnerability {unknown}
Potions
 k - a potion of haste {unknown}
 l - a potion of lignification {unknown}


   Skills:
 - Level 1.0 Fighting
 - Level 1.0 Armour
 - Level 3.1 Dodging
 + Level 2.7 Stealth
 * Level 6.3 Spellcasting
 + Level 2.8 Conjurations
 - Level 1.1 Summonings
 - Level 1.1 Translocations
 - Level 1.3 Fire Magic
 + Level 0.5 Air Magic


You had 5 spell levels left.
You knew the following spells:

 Your Spells              Type           Power      Damage    Failure   Level
a - Magic Dart            Conj           100%       1d8       3%          1
b - Mephitic Cloud        Conj/Pois/Air  16%        N/A       19%         3
c - Call Imp              Summ           16%        N/A       10%         2
d - Blink                 Tloc           32%        N/A       10%         2
e - Conjure Flame         Conj/Fire      22%        6-21      13%         3

Your spell library contained the following spells:

 Spells                   Type           Power      Damage    Failure   Level
 Slow                     Hex            36%        N/A       10%         1


Dungeon Overview and Level Annotations

Branches:
Dungeon (3/15)

Altars:

Shops:
D:1 [   D:3 ?


Message History

A quokka comes into view.
The quokka moves out of view.
You see here a +0 trident.
An orc wizard appears from thin air!
Reactivating autopickup.
There is an open door here.
The orc wizard casts a spell.
The orc wizard flickers and vanishes!
Deactivating autopickup; reactivate with Ctrl-A.
The frilled lizard bites you.
* * * LOW HITPOINT WARNING * * *
Casting: Mephitic Cloud (quite dangerous; 19% risk of failure)
Confirm with . or Enter, or press ? or * to list all spells.
Aiming: Magic Dart (safe; 3% risk of failure)
Press: ? - help, Shift-Dir - straight line, f - frilled lizard
Aim: a frilled lizard (100% to hit)
You feel a surge of power!
The magic dart hits the frilled lizard.
You kill the frilled lizard!
Unknown command.
Casting: Magic Dart (safe; 3% risk of failure)
Confirm with . or Enter, or press ? or * to list all spells.
The spell is quite dangerous to cast (19% risk of failure)!
Continue anyway?
Aiming: Mephitic Cloud (quite dangerous; 19% risk of failure)
Press: ? - help, Shift-Dir - straight line, f - adder
Aim: an adder (chance to affect: 91%)
You feel a surge of power!
You miscast Mephitic Cloud.
You are very lightly contaminated with residual magic.
Nothing appears to happen.
Unknown command.
Casting: Mephitic Cloud (quite dangerous; 19% risk of failure)
Confirm with . or Enter, or press ? or * to list all spells.
You don't have enough magic to cast this spell.
You don't have any such object.
Take off which item? (? for menu, Esc to quit)
Okay, then.
Unknown command.
A giant cockroach comes into view.
A magic dart appears from out of thin air!
The magic dart hits you!
You die...

............#.†...#########
............#....##
.......######.J))#
###...#########g### ###...#
.......o..# ......#
..........# ......#
......S{..#
.....####+###.....#
##.....#........@##
##.....#..........≈≈≈≈≈B
.......#.........##≈≈###
.†...###.......... ##
.....# #'###...... .....#
.. #...... .....# ........
.....# ###...... ######


You could see an adder, an orc, an endoplasm, a giant cockroach (wandering) and
a hobgoblin.

Vanquished Creatures
  A scorpion (D:3)
  An orc priest (D:3)
  4 gnolls (D:2)
  3 adders
  A dart slug (D:1)
  2 orcs (D:3)
  4 bats
  7 endoplasms
  4 giant cockroaches (D:1)
  6 goblins
  2 hobgoblins (D:1)
  2 jackals (D:2)
  2 quokkas (D:1)
  5 ball pythons
  6 frilled lizards
  3 kobolds
  A rat (D:1)
54 creatures vanquished.

Notes
Turn   | Place    | Note
-------+----------+-------------------------------------------
     0 | D:1      | pokeman the Deep Elf Hedge Wizard began the quest for the
                  | Orb.
     0 | D:1      | Reached XP level 1. HP: 10/10 MP: 7/7
   431 | D:1      | Reached XP level 2. HP: 16/16 MP: 2/9
   712 | D:1      | You fall into a shaft and drop 1 floor!
  1078 | D:1      | Reached skill level 5 in Spellcasting
  1181 | D:1      | Found Weuc's Antique Armour Shoppe.
  1275 | D:1      | Reached XP level 3. HP: 20/20 MP: 7/11
  1283 | D:1      | Learned a level 3 spell: Mephitic Cloud
  1286 | D:1      | Learned a level 2 spell: Blink
  1289 | D:1      | Learned a level 2 spell: Call Imp
  1293 | D:1      | Learned a level 3 spell: Conjure Flame
  1560 | D:2      | Reached skill level 1 in Fighting
  1672 | D:2      | Reached skill level 1 in Armour
  1887 | D:2      | Reached XP level 4. HP: 17/25 MP: 2/13
  2446 | D:3      | Noticed a scorpion
  2452 | D:3      | Killed a scorpion
  2453 | D:3      | Reached skill level 6 in Spellcasting
  2453 | D:3      | Reached skill level 1 in Fire Magic
  2453 | D:3      | Reached XP level 5. HP: 12/29 MP: 13/15
  2503 | D:3      | Found Vam Nust's Magic Scroll Boutique.
  2730 | D:3      | Killed from afar by an orc wizard

Illustrated notes

Levels and vault maps discovered:
D:1:      lightli_arrival_statuegarden, layout_rooms, serial_shops,
          nicolae_shop_stone, hex_large
D:2:      layout_rooms, kennysheep_generic_room_4
D:3:      kennysheep_the_goblin_king, layout_basic,
          mainiacjoe_overflow_boulevard, gup_sewer_entry_bubbles,
          gammafunk_ghost_grave, serial_shops, nicolae_shop_trees,
          minmay_increasing_density

Skill      XL: |  1  2  3  4 |
---------------+-------------+-----
Spellcasting   | 5 6 |  6.3
Fighting       | 1 |  1.0
Armour         | 1 |  1.0
Conjurations   | 2 |  2.8
Dodging        | 3 |  3.1
Fire Magic     | 1 |  1.3
Stealth        | |  2.7
Summonings     | |  1.1
Translocations | |  1.1
Air Magic      | |  0.5

Action                   |  1- 3 |  4- 6 || total
-------------------------+-------+-------++-------
Melee: Dagger            |    11 |    19 ||    30
 Cast: Magic Dart        |    92 |     7 ||    99
       Mephitic Cloud    |     1 |     5 ||     6
  Use: Potion            |       |     2 ||     2
 Stab: Confused          |       |     1 ||     1
Armor: Robe              |     2 |    10 ||    12
Dodge: Dodged            |    25 |    40 ||    65

Table legend: (Time is in decaauts)
 A = Elapsed time spent in this place.
 B = Non-inter-level travel time spent in this place.
 C = Inter-level travel time spent in this place.
 D = Time resting spent in this place.
 E = Time spent auto-exploring this place.
 F = Levels seen in this place.
 G = Mean time per level.
                   A        B        C        D        E       F      G
               +--------+--------+--------+--------+--------+-----+--------+
         Total |   2731 |   2591 |    140 |     71 |   2066 |   3 |  910.3 |
       Dungeon |   2731 |   2591 |    140 |     71 |   2066 |   3 |  910.3 |
               +--------+--------+--------+--------+--------+-----+--------+

Top non-repeatable levels by time:
     D:1: 1396 daAuts
     D:2: 1151 daAuts
     D:3: 182 daAuts
